AoeStats
← tHeDesiRe

Arabia

508849225Analyzed
1v1 RM · 9d ago on Sep 24, 2026· 41m 39s· 2 players
Game mode
Random Map
Map size
Tiny (2 player)
Population
200
Speed
Normal
Resources
Standard
Victory
Conquest
Starting age
Dark Age
Ending age
Imperial Age
RankedLock teamsTeams togetherTeam positionsShared explorationLock speedFull tech treeHidden civsTurbo modeCheats
Victory
Defeat
🇹🇷 Japanese · Türkiye
1267
+15
🇩🇪 Vietnamese · Germany
1248
-15
tHeDesiRe
5:15 Loom
11:33 Feudal Age
12:27 Double-Bit Axe
16:28 Castle Age
16:31 Elite Skirmisher
23:43 Horse Collar
25:04 Wheelbarrow
24:15 Town Watch
25:21 Fletching
26:24 Bow Saw
26:10 Stone Mining
26:41 Heavy Plow
28:01 Scale Mail Armor
28:02 Padded Archer Armor
28:53 Gold Mining
30:50 Bodkin Arrow
32:11 Scale Barding Armor
32:24 Chain Mail Armor
33:59 Ballistics
33:50 Masonry
34:14 Hand Cart
37:40 Imperial Age
36:01 Leather Archer Armor
35:56 Forging
36:30 Squires
36:17 Arson
37:05 Town Patrol
39:29 Chemistry
38:38 Bracer
39:08 Ring Archer Armor
38:32 Imperial Skirmisher
39:01 Elite Fire Lancer
ANDOZ
6:46 Loom
9:24 Feudal Age
10:14 Double-Bit Axe
15:17 Wheelbarrow
15:10 Fletching
21:50 Castle Age
20:00 Stone Mining
20:19 Padded Archer Armor
20:43 Gold Mining
22:02 Horse Collar
22:32 Bodkin Arrow
21:59 Crossbowman
23:49 Bow Saw
26:59 Town Watch
27:41 Heavy Plow
29:10 Leather Archer Armor
29:30 Scale Mail Armor
30:36 Gold Shaft Mining
30:46 Forging
35:09 Imperial Age
33:50 Iron Casting
33:40 Ballistics
34:23 Hand Cart
35:50 Bracer
36:58 Chemistry
36:44 Chain Mail Armor
37:30 Blast Furnace
36:37 Arbalester
39:09 Plate Mail Armor
38:55 Siege Engineers
39:54 Kataparuto
39:56 Conscription
42:03 Thumb Ring
42:10 Squires
41:57 Arson
Connection lost

Rejoining the realm…

Still unreachable

The connection could not be restored.

Session expired

The server has moved on; the page needs a fresh start.